AoeStats
← nonoleboss

Fortress

507097056Analyzed
4v4 RM · 16d ago on Sep 16, 2026· 45m 35s· 8 players
Game mode
Random Map
Map size
Huge
Population
200
Speed
Normal
Resources
Standard
Victory
Conquest
Starting age
Dark Age
Ending age
Imperial Age
RankedLock teamsTeams togetherTeam positionsShared explorationLock speedFull tech treeHidden civsTurbo modeCheats
Victory
Defeat
🇮🇳 Jurchens · India
1321
+15
🇨🇳 Wei · China
1301
+16
🇻🇳 Magyars · Vietnam
1299
+16
🇮🇳 Britons · India
1205
+21
🇫🇷 Lithuanians · France
1372
-20
🇫🇷 Japanese · France
1329
-18
🇩🇪 Slavs · Germany
1257
-15
🇩🇪 Britons · Germany
1256
-15
agresif
0:39 Loom
8:38 Feudal Age
12:56 Castle Age
10:45 Horse Collar
11:09 Double-Bit Axe
14:02 Bow Saw
13:58 Heavy Plow
15:58 Fletching
16:08 Padded Archer Armor
16:44 Gold Mining
19:01 Bodkin Arrow
20:27 Wheelbarrow
19:37 Town Watch
24:44 Imperial Age
23:29 Leather Archer Armor
25:08 Elite Longbowman
27:01 Conscription
27:49 Chemistry
26:59 Bracer
28:17 Ring Archer Armor
28:36 Ballistics
29:24 Two-Man Saw
28:45 Stone Mining
29:34 Gold Shaft Mining
30:11 Fortified Wall
32:07 Hand Cart
32:29 Conscription
39:06 Murder Holes
42:14 Treadmill Crane
42:48 Masonry
43:15 Hoardings
ost.nostalgia
7:14 Feudal Age
8:05 Loom
8:28 Town Watch
11:32 Castle Age
9:45 Double-Bit Axe
10:11 Horse Collar
12:54 Bow Saw
18:08 Scale Barding Armor
20:59 Chain Barding Armor
20:50 Bloodlines
22:05 Wheelbarrow
21:23 Pikeman
22:04 Scale Mail Armor
24:19 Chain Mail Armor
24:23 Hand Cart
24:57 Heavy Plow
27:06 Fletching
31:42 Imperial Age
29:35 Husbandry
30:47 Caravan
31:14 Bodkin Arrow
31:59 Padded Archer Armor
31:45 Halberdier
32:51 Conscription
34:27 Parthian Tactics
34:05 Bracer
34:33 Ballistics
34:42 Recurve Bow
35:48 Chemistry
35:18 Leather Archer Armor
35:54 Thumb Ring
39:37 Ring Archer Armor
39:23 Heavy Cavalry Archer
41:41 Treadmill Crane
刀他(她)
7:12 Feudal Age
10:55 Castle Age
9:07 Double-Bit Axe
9:29 Horse Collar
11:17 Wheelbarrow
12:06 Gold Mining
12:45 Stone Mining
17:12 Bow Saw
19:51 Gold Shaft Mining
19:56 Heavy Plow
22:52 Stone Shaft Mining
25:30 Imperial Age
24:56 Forging
24:51 Scale Barding Armor
25:28 Hand Cart
25:34 Bloodlines
25:25 Husbandry
26:35 Iron Casting
25:47 Treadmill Crane
25:34 Heavy Hei Guang Cavalry
26:11 Loom
26:11 Town Watch
27:07 Crop Rotation
27:28 Conscription
28:14 Chain Barding Armor
28:54 Blast Furnace
29:41 Chemistry
28:54 Town Patrol
29:20 Tuntian
31:21 Ming Guang Armor
32:14 Fortified Wall
32:15 Masonry
32:35 Ballistics
32:26 Light Cavalry
34:15 Hoardings
33:07 Hussar
36:05 Fletching
42:55 Pikeman
43:37 Squires
44:04 Scale Mail Armor
44:27 Arson
45:01 Chain Mail Armor
rateezy
8:42 Feudal Age
12:39 Castle Age
10:40 Double-Bit Axe
10:43 Horse Collar
12:27 Wheelbarrow
14:00 Bow Saw
15:09 Heavy Plow
18:00 Heavy Plow
19:50 Hand Cart
19:22 Town Watch
20:31 Loom
20:46 Gold Mining
22:09 Gold Shaft Mining
24:49 Imperial Age
23:14 Scale Barding Armor
23:19 Forging
24:18 Chain Barding Armor
25:42 Iron Casting
25:22 Bloodlines
25:12 Husbandry
25:03 Elite Steppe Lancer
26:48 Conscription
28:22 Fletching
29:17 Plate Barding Armor
29:45 Blast Furnace
29:46 Fletching
33:26 Bodkin Arrow
33:14 Treadmill Crane
33:40 Siege Engineers
34:37 Chemistry
33:33 Murder Holes
33:48 Fortified Wall
33:59 Ballistics
33:49 Masonry
33:41 Town Patrol
35:27 Bracer
ip_lucas
8:53 Feudal Age
9:50 Double-Bit Axe
9:45 Horse Collar
12:20 Castle Age
13:58 Bow Saw
13:59 Heavy Plow
19:26 Wheelbarrow
18:37 Loom
18:37 Town Watch
19:39 Gold Mining
19:42 Stone Mining
21:19 Hand Cart
25:33 Imperial Age
23:58 Scale Barding Armor
26:45 Chain Barding Armor
25:48 Cavalier
26:29 Husbandry
26:39 Bloodlines
27:03 Conscription
27:19 Hoardings
30:05 Two-Man Saw
30:02 Stone Shaft Mining
29:16 Treadmill Crane
30:38 Chemistry
30:49 Crop Rotation
34:12 Paladin
35:01 Murder Holes
35:18 Fortified Wall
37:02 Plate Barding Armor
37:04 Forging
41:02 Iron Casting
Argos
8:15 Feudal Age
9:22 Horse Collar
9:30 Double-Bit Axe
12:30 Castle Age
13:36 Bow Saw
13:28 Heavy Plow
16:40 Wheelbarrow
17:55 Hand Cart
19:38 Fortified Wall
19:33 Fletching
21:59 Ballistics
21:45 Loom
21:46 Town Watch
22:14 Bodkin Arrow
25:57 Imperial Age
23:29 Padded Archer Armor
23:22 Pikeman
25:33 Leather Archer Armor
27:46 Chemistry
26:57 Bracer
27:28 Ring Archer Armor
28:54 Two-Man Saw
28:04 Siege Engineers
28:23 Scale Mail Armor
28:30 Elite Longbowman
30:19 Chain Mail Armor
31:09 Squires
32:14 Conscription
31:22 Halberdier
32:25 Masonry
34:03 Plate Mail Armor
34:00 Yeomen
39:09 Squires
45:09 Warwolf
nonoleboss
8:32 Feudal Age
9:37 Double-Bit Axe
12:04 Castle Age
10:24 Horse Collar
10:36 Fletching
13:10 Bodkin Arrow
19:26 Heavy Plow
19:14 Loom
22:48 Wheelbarrow
22:08 Treadmill Crane
22:39 Masonry
22:40 Fortified Wall
24:11 Bow Saw
27:02 Imperial Age
25:18 Padded Archer Armor
26:01 Ballistics
27:15 Leather Archer Armor
27:05 Husbandry
27:16 Bloodlines
27:18 Thumb Ring
28:09 Conscription
28:24 Gold Mining
28:25 Stone Mining
28:51 Bracer
29:09 Hand Cart
28:40 Town Watch
30:37 Parthian Tactics
31:29 Ring Archer Armor
31:00 Heavy Cavalry Archer
35:52 Chemistry
40:24 Caravan
41:03 Elite Skirmisher
42:13 Siege Engineers
Hansi
8:22 Feudal Age
12:25 Castle Age
10:31 Double-Bit Axe
11:25 Horse Collar
12:38 Wheelbarrow
13:23 Bow Saw
16:16 Gold Mining
18:26 Gold Shaft Mining
19:37 Stone Mining
19:49 Heavy Plow
21:27 Scale Barding Armor
22:24 Bloodlines
22:15 Husbandry
23:34 Hand Cart
24:23 Chain Barding Armor
25:36 Forging
28:46 Imperial Age
26:02 Loom
26:05 Town Watch
28:29 Detinets
28:59 Elite Boyar
30:01 Conscription
30:29 Plate Barding Armor
30:30 Iron Casting
30:26 Masonry
35:01 Blast Furnace
43:06 Caravan
Connection lost

Rejoining the realm…

Still unreachable

The connection could not be restored.

Session expired

The server has moved on; the page needs a fresh start.